 Seeded DCSS version 0.29.1-15-g9cfb28693d (webtiles) character file.

Game seed: 71 (custom seed)

201 Psyclone the Conjurer (level 5, 28/28 HPs)
             Began as a Deep Elf Conjurer on Sept 24, 2023.
             Quit the game on level 3 of the Dungeon.
             The game lasted 00:04:50 (3616 turns).

Psyclone the Conjurer (Deep Elf Conjurer)           Turns: 3616, Time: 00:04:50

Health: 28/28      AC:  2    Str:  4      XL:     5   Next: 50%
Magic:  15/15      EV: 12    Int: 24 (25) God:
Gold:   119        SH:  0    Dex: 12 (13) Spells: 12/15 levels left

rFire   . . .      SeeInvis +   (no weapon)
rCold   . . .      Faith    .   (no shield)
rNeg    . . .      Spirit   .   a - +0 robe
rPois   .          Reflect  .   (no helmet)
rElec   .          Harm     .   (no cloak)
rCorr   .          Rampage  .   (no gloves)
Will    .....                   (no boots)
Stlth   ++........              (no amulet)
HPRegen 0.09/turn               (no ring)
MPRegen 0.14/turn               (no ring)

@: no status effects
A: see invisible, no potion heal 1
a: no special abilities


You were on level 3 of the Dungeon.
You visited 1 branch of the dungeon, and saw 3 of its levels.

You collected 152 gold pieces.
You spent 33 gold pieces at shops.

Inventory:

Armour
 a - a +0 robe (worn)
Magical Staves
 c - a staff of fire
Jewellery
 i - a +4 ring of evasion
Scrolls
 d - 3 scrolls of identify {@r1}
 e - 2 scrolls of teleportation
 h - a scroll of summoning
Potions
 b - a potion of magic
 g - 2 potions of curing


   Skills:
 - Level 2.4 Dodging
 - Level 2.4 Stealth
 + Level 5.9 Spellcasting
 + Level 6.1 Conjurations


You had 12 spell levels left.
You knew the following spells:

 Your Spells              Type           Power      Damage    Failure   Level
a - Magic Dart            Conj           100%       1d8       1%          1
b - Searing Ray           Conj           72%        2d7       1%          2

Your spell library contained the following spells:

 Spells                   Type           Power      Damage    Failure   Level
 Dazzling Flash           Conj/Hex       42%        N/A       7%          3
 Fulminant Prism          Conj/Hex       10%        3d9       22%         4
 Iskenderun's Mystic Bla  Conj/Tloc      21%        2d6       22%         4


Dungeon Overview and Level Annotations

Branches:
Dungeon (3/15) Zot: 14375

Altars:

Shops:
D:3 *


Innate Abilities, Weirdness & Mutations

You have supernaturally acute eyesight. (SInv)
Potions are less effective at restoring your health.


Message History

Unknown command.
Casting: Magic Dart (safe; 1% risk of failure)
Confirm with . or Enter, or press ? or * to list all spells.
You can't see any susceptible monsters within range! (Use Z to cast anyway.) Unknown command.
Casting: Magic Dart (safe; 1% risk of failure)
Confirm with . or Enter, or press ? or * to list all spells.
You can't see any susceptible monsters within range! (Use Z to cast anyway.) Unknown command.
Casting: Magic Dart (safe; 1% risk of failure)
Confirm with . or Enter, or press ? or * to list all spells.
You can't see any susceptible monsters within range! (Use Z to cast anyway.)
You see here a hobgoblin corpse.
Found a trident.
MP restored: 15 You enter the shallow water.
Moving in this stuff is going to be slow.
You now have 119 gold pieces (gained 8).
d - 3 scrolls of identify {@r1} (gained 1)
You enter the shallow water.
Moving in this stuff is going to be slow.
Done exploring.
Done exploring.
Unknown command.
Casting: Magic Dart (safe; 1% risk of failure)
Confirm with . or Enter, or press ? or * to list all spells.
You can't see any susceptible monsters within range! (Use Z to cast anyway.) Unknown command.
Casting: Magic Dart (safe; 1% risk of failure)
Confirm with . or Enter, or press ? or * to list all spells.
You can't see any susceptible monsters within range! (Use Z to cast anyway.) Done exploring.
Done exploring.
Done exploring.
Done exploring.
Okay, then.
Okay, then.
Okay, then.
Unknown command.
Are you sure you want to abandon this character and quit the game? (Confirm with "yes".)

..###+#### #.##.##.#
.#.......# #.##.##.#
...##.##.# #.......#
##.##.##.# ####.####
.......#.# #.#
##.......# #.# #.#.....#
#.# #.......#######.#
###............@#
###.##.#########
#...##)# # #.#....# #
#.######################
#
#......................#
#
###..##...#....#..#..#.#
# #..#..#......#.....#.#
# #...#....##..##.#..#.#


There were no monsters in sight!

Vanquished Creatures
  A vampire bat (D:3)
  An orc priest (D:3)
  A gnoll (D:1)
  3 adders (D:2)
  3 worms
  4 dart slugs
  4 orcs (D:3)
  3 ball pythons
  5 endoplasms
  5 giant cockroaches
  8 hobgoblins
  3 jackals (D:1)
  7 kobolds
  4 quokkas
  12 bats
  3 frilled lizards
  4 goblins
  4 rats
75 creatures vanquished.

Vanquished Creatures (others)
  A plant (D:3)
1 creature vanquished.

Grand Total: 76 creatures vanquished

Notes
Turn   | Place    | Note
-------+----------+-------------------------------------------
     0 | D:1      | Psyclone the Deep Elf Conjurer began the quest for the Orb.
     0 | D:1      | Reached XP level 1. HP: 10/10 MP: 6/6
   414 | D:1      | Reached XP level 2. HP: 15/15 MP: 3/8
   424 | D:1      | Learned a level 2 spell: Searing Ray
   613 | D:1      | Reached skill level 5 in Conjurations
   613 | D:1      | Reached XP level 3. HP: 19/19 MP: 5/10
   895 | D:1      | Found a faded altar of an unknown god.
  1333 | D:1      | Gained mutation: Potions are less effective at restoring
                  | your health. [potion of mutation]
  1333 | D:1      | Gained mutation: You have supernaturally acute eyesight.
                  | (SInv) [potion of mutation]
  1724 | D:2      | Reached XP level 4. HP: 24/24 MP: 8/12
  2343 | D:3      | Reached skill level 5 in Spellcasting
  2847 | D:3      | Reached XP level 5. HP: 20/28 MP: 8/14
  2949 | D:3      | Reached skill level 6 in Conjurations
  3188 | D:3      | Found Dugef's Assorted Antiques.
  3198 | D:3      | Bought a scroll labelled CUIRGH XEH JEC for 33 gold pieces
  3616 | D:3      | Quit the game

Illustrated notes

Levels and vault maps discovered:
D:1:      tarquinn_simple_flora_water_b, layout_basic,
          chequers_ecumenical_altar_island
D:2:      layout_loops_ring
D:3:      layout_loops_corners, serial_shops, nicolae_lakefront_shop,
          serial_bayou_pond_b, corexii_leaking_fountain, minivault_27,
          serial_bayou_pond_b, roderic_batcave, minmay_misc_feat_rugged

Skill      XL: |  1  2  3  4  5 |
---------------+----------------+-----
Spellcasting   | 4 5 |  5.9
Conjurations   | 5 6 |  6.1
Dodging        | |  2.4
Stealth        | |  2.4

Action                   |  1- 3 |  4- 6 || total
-------------------------+-------+-------++-------
 Cast: Magic Dart        |    73 |    68 ||   141
       Searing Ray       |       |     1 ||     1
  Use: Potion            |     4 |     1 ||     5
       Scroll            |     2 |     6 ||     8
Dodge: Dodged            |     1 |     9 ||    10
